 Dungeon Crawl Stone Soup version 0.29.1-15-g9cfb28693d (webtiles) character file.

Game seed: 8534340797052564026

660 leafyfresh the Covert (level 7, -3/46 HPs)
             Began as an Octopode Delver on Feb 24, 2023.
             Slain by a wight
             ... wielding a +1 flail of pain
              (9 damage)
             ... on level 5 of the Dungeon.
             The game lasted 00:06:34 (4666 turns).

leafyfresh the Covert (Octopode Delver)             Turns: 4666, Time: 00:06:35

Health: -3/46      AC:  1    Str: 18    XL:     7   Next: 56%
Magic:  13/13      EV: 13    Int: 14    God:
Gold:   265        SH:  0    Dex: 13    Spells: 10/14 levels left

rFire   . . .      SeeInvis .   a - +0 short sword
rCold   . . .      Faith    .   (no shield)
rNeg    . . .      Spirit   .   (helmet restricted)
rPois   .          Reflect  .   A - amulet of magic regeneration
rElec   .          Harm     .   y - +6 ring of strength
rCorr   .          Rampage  .   (no ring)
Will    .....                   (no ring)
Stlth   +++++.....              (no ring)
HPRegen 0.15/turn               (no ring)
MPRegen 0.53/turn               (no ring)
                                (no ring)
                                (no ring)

@: no status effects
A: almost no armour, amphibious, 8 rings, camouflage 1, gelatinous body 1,
(nimble swimmer 1), tentacles
a: no special abilities


You were on level 5 of the Dungeon.
You visited 1 branch of the dungeon, and saw 5 of its levels.

You collected 265 gold pieces.

Inventory:

Hand Weapons
 a - a +0 short sword (weapon)
Missiles
 p - a throwing net (quivered)
Armour
 B - the +1 helmet of Death Resistance {rN+ Int+3}
   (You found it on level 4 of the Dungeon)

   Int:       It affects your intelligence (+3).
   rN:        It protects you from negative energy.
Magical Staves
 D - a staff of poison
Jewellery
 y - a +6 ring of strength (left tentacle)
 A - an amulet of magic regeneration (around mantle)
Wands
 f - a wand of digging (3)
 m - a wand of mindburst (9)
Scrolls
 b - a scroll of fog
 c - a scroll of magic mapping
 d - a scroll of fear
 e - a scroll of blinking {unknown}
 i - a scroll of summoning {unknown}
 j - a scroll of poison {unknown}
 k - 3 scrolls of teleportation {unknown}
 l - 2 scrolls of enchant weapon {unknown}
 n - 3 scrolls of identify {unknown}
 r - a scroll of amnesia {unknown}
 u - a scroll of vulnerability {unknown}
 x - a scroll of noise {unknown}
 C - 2 scrolls of brand weapon {unknown}
Potions
 g - 2 potions of cancellation {unknown}
 h - 3 potions of mutation {unknown}
 o - a potion of invisibility {unknown}
 q - 4 potions of curing
 s - a potion of heal wounds {unknown}
 t - a potion of ambrosia {unknown}
 v - a potion of berserk rage {unknown}
 w - a potion of lignification {unknown}
 z - a potion of brilliance {unknown}


   Skills:
 - Level 3.5 Fighting
 - Level 2.3 Short Blades
 - Level 2.4 Dodging
 - Level 8.1 Stealth
 + Level 4.1 Spellcasting
 + Level 4.5 Necromancy


You had 10 spell levels left.
You knew the following spells:

 Your Spells              Type           Power      Damage    Failure   Level
a - Necrotise             Necr           60%        1d7       3%          1
b - Vampiric Draining     Necr           15%        2d7       9%          3

Your spell library contained the following spells:

 Spells                   Type           Power      Damage    Failure   Level
 Sublimation of Blood     Necr           15%        N/A       4%          2
 Magic Dart               Conj           8%         1d3       19%         1
 Call Imp                 Summ           2%         N/A       28%         2
 Wereblood                Tmut           2%         N/A       28%         2
 Mephitic Cloud           Conj/Pois/Air  2%         N/A       50%         3
 Agony                    Necr           15%        N/A       63%         5
 Summon Hydra             Summ           1%         N/A       100%        7


Dungeon Overview and Level Annotations

Branches:
Dungeon (5/15)
 Temple: D:4-7

Altars:
Hepliaklqana
Wu Jian
Yredelemnul
Zin

Annotations:
D:2 Sigmund
D:4 Blork the orc


Innate Abilities, Weirdness & Mutations

You cannot wear most types of armour.
You are amphibious.
You can wear up to eight rings at the same time.
Your skin changes colour to match your surroundings (Stealth+).
Your rubbery body absorbs attacks. (AC +1, EV +1)
((You are camouflaged when in or above water. (Stealth+)))
You have tentacles for arms and can constrict up to eight enemies at once.


Message History

You constrict the wight. The wight misses you. x2
You hit the wight but do no damage.
The wight is lightly damaged.
You constrict the wight.
The wight hits you with a +1 flail of pain.
You feel drained. The wight closely misses you.
You hit the wight but do no damage. Your squeeze misses the wight.
The wight is moderately damaged.
You constrict the wight. The wight closely misses you. x2
You hit the wight but do no damage. Your squeeze misses the wight.
The wight is heavily damaged.
You constrict the wight. The wight barely misses you. x2
The wight closely misses you.
Unknown command.
You hit the wight but do no damage. You squeeze the wight.
You destroy the wight!
The wight completely misses you. The wight barely misses you.
Your life force feels restored.
Unknown command.
You hit the wight. Your grab misses the wight.
The wight is lightly damaged.
The wight hits you with a +1 flail of pain.
The wight closely misses you.
You hit the wight. You grab the wight. You squeeze the wight.
The wight is severely damaged.
You constrict the wight, but do no damage.
The wight barely misses you. The wight completely misses you.
You hit the wight. You squeeze the wight.
You destroy the wight!
The wight hits you with a +1 flail of pain!
* * * LOW HITPOINT WARNING * * *
Your Spellcasting skill increases to level 4!
The wight hits you with a +1 flail of pain!
* * * LOW HITPOINT WARNING * * *
Things that are here:
a +0 dire flail; a +0 robe; 27 gold pieces Unknown command.
You feel better.
The wight hits you with a +1 flail of pain!
You die...

.......................##
##.........>............##
....#####................#
....## ###..............#
#....## ##..............#
##....#####...............#
#........................#
##....(...................#
................@z).......#
.................†........
........#######..........
......### ##........#
......# ##.)##..## ......#
#?## ##.# ......# ..# #.
####..# #..# #..# #.##


You could see a wight.

Vanquished Creatures
  2 ogres
  A scorpion (D:5)
  4 wights (D:5)
  3 iguanas (D:4)
  5 adders
  An ufetubus (D:5)
  A worm (D:3)
  5 dart slugs
  7 orcs
  12 endoplasms
  3 giant cockroaches
  7 goblins
  6 hobgoblins
  3 jackals (D:4)
  4 kobolds
  11 quokkas
  7 ball pythons
  3 bats
  4 frilled lizards
  2 rats
91 creatures vanquished.

Notes
Turn   | Place    | Note
-------+----------+-------------------------------------------
     0 | D:5      | leafyfresh the Octopode Delver began the quest for the Orb.
     0 | D:5      | Reached XP level 1. HP: 16/16 MP: 1/1
     1 | D:5      | Noticed a wight
     8 | D:5      | Noticed a scorpion
   526 | D:4      | Noticed Blork the orc
   535 | D:5      | Reached XP level 2. HP: 18/21 MP: 2/2
   636 | D:5      | Noticed an ogre
   733 | D:3      | Reached XP level 3. HP: 25/26 MP: 3/3
   767 | D:3      | Reached skill level 7 in Stealth
  1053 | D:3      | Found a basalt altar of Yredelemnul.
  1145 | D:3      | Found a glowing silver altar of Zin.
  1299 | D:3      | Reached XP level 4. HP: 31/31 MP: 4/4
  1480 | D:2      | Noticed Sigmund
  1607 | D:1      | Reached skill level 8 in Stealth
  2014 | D:1      | Found a faded altar of an unknown god.
  2019 | D:1      | Learned a level 1 spell: Necrotise
  3012 | D:4      | Reached XP level 5. HP: 8/36 MP: 4/6
  3451 | D:4      | Reached skill level 1 in Necromancy
  3524 | D:4      | Noticed an ogre
  3531 | D:4      | Killed an ogre
  3532 | D:4      | Reached skill level 1 in Spellcasting
  3561 | D:4      | Reached XP level 6. HP: 28/42 MP: 7/9
  3699 | D:4      | Identified the +1 helmet of Death Resistance {rN+ Int+3}
  4023 | D:4      | Found a hazy altar of Hepliaklqana.
  4028 | D:4      | Learned a level 3 spell: Vampiric Draining
  4059 | D:4      | Found an ornate altar of the Wu Jian Council.
  4513 | D:5      | Reached XP level 7. HP: 31/46 MP: 5/12
  4665 | D:5      | HP: 1/46 [wight/+1 flail of pain (10)]
  4666 | D:5      | Slain by a wight

Illustrated notes

Levels and vault maps discovered:
D:1:      tarquinn_simple_flora_water_e, layout_rooms, basic_ecumenical_altar
D:2:      layout_basic, serial_co_window_serial, co_window_paths_b,
          co_window_cross_1, co_window_paths_a, co_window_of_opportunity_a,
          co_window_cross_1, co_window_corner_a, co_window_paths_a,
          co_window_paths_a, co_window_corner_a, co_window_corner_b,
          co_window_of_opportunity_c, co_window_2corner, co_window_broadway_c,
          glass_columns_b, uniq_sigmund
D:3:      layout_basic, mainiacjoe_overflow_alcove_1,
          mainiacjoe_overflow_alcove_4, minmay_strange_pillars
D:4:      minmay_general_purpose_star, layout_cave_pools,
          nicolae_wu_jian_glorious_leap, worldfamousw_hep_ancestral_shrine,
          kennysheep_generic_room_12, uniq_blork_the_orc
D:5:      layout_layer_cave

Skill      XL: |  1  2  3  4  5  6  7 |
---------------+----------------------+-----
Stealth        | 7 8 |  8.1
Necromancy     | 2 3 4 |  4.5
Spellcasting   | 2 3 4 |  4.1
Fighting       | |  3.5
Short Blades   | |  2.3
Dodging        | |  2.4

Action                   |  1- 3 |  4- 6 |  7- 9 || total
-------------------------+-------+-------+-------++-------
Melee: Short sword       |    47 |   132 |    13 ||   192
       Constrict         |    10 |    21 |     6 ||    37
       Tentacles         |     9 |    24 |     7 ||    40
 Cast: Vampiric Draining |       |     4 |       ||     4
Evoke: Wand              |       |       |     1 ||     1
  Use: Scroll            |     1 |       |       ||     1
       Potion            |       |     1 |     3 ||     4
 Stab: Sleeping          |    10 |    25 |       ||    35
       Distracted        |     1 |     1 |       ||     2
Armor: Skin              |     1 |     5 |       ||     6
Dodge: Dodged            |    24 |    75 |    15 ||   114
